 Dungeon Crawl Stone Soup version 0.32-a0-893-gf85d74f360 (webtiles) character file.

Game seed: 11757699264140856307

92 GiantSquids the Shooter (level 4, -9/33 HPs)
             Began as a Coglin Hunter on Apr 3, 2024.
             Was an Initiate of Ru.
             Mangled by Crazy Yiuf
             ... wielding a +4 quarterstaff of chaos
              (19 damage)
             ... on level 2 of the Dungeon.
             The game lasted 00:02:46 (1546 turns).

GiantSquids the Shooter (Coglin Hunter)             Turns: 1546, Time: 00:02:47

Health: -9/33      AC:  4    Str: 11    XL:     4   Next: 60%
Magic:  4/4        EV: 11    Int:  8    God:    Ru [......]
Gold:   50         SH:  0    Dex: 20    Spells: 3/3 levels left

rFire   . . .        a - +2 sling {Mei}
rCold   . . .        d - +0 sling {Zhen}
rNeg    . . .        c - +0 leather armour
rPois   .            (no helmet)
rElec   .            (no cloak)
rCorr   .            j - +0 pair of gloves
SInv    .            (no boots)
Will    .....        (amulet unavailable)
Stlth   ++           (ring unavailable)
HPRegen 0.25/turn    (ring unavailable)
MPRegen 0.09/turn    (no gizmo)

%: no passive effects
@: fragile (+50% incoming damage), revved
A: no forms, off-hand wielding, slow wielding, warmup strikes, no jewellery
a: Invent Gizmo, Renounce Religion


You were on level 2 of the Dungeon.
You worshipped Ru.
Ru was noncommittal.
You visited 1 branch of the dungeon, and saw 3 of its levels.

You collected 50 gold pieces.

Inventory:

Hand Weapons
 a - a +2 sling (weapon) {Mei}
 d - a +0 sling (offhand) {Zhen}
Armour
 c - a +0 leather armour (worn)
 j - a +0 pair of gloves (worn)
Scrolls
 b - a scroll of butterflies
 f - a scroll of fear {unknown}
 g - 6 scrolls of identify {unknown}
 k - a scroll of enchant armour {unknown}
 l - a scroll of revelation {unknown}
 m - a scroll of amnesia {unknown}
 q - a scroll of teleportation {unknown}
 r - 3 scrolls of blinking {unknown}
Potions
 e - 2 potions of brilliance {unknown}
 h - a potion of enlightenment {unknown}
 i - 2 potions of mutation {unknown}
 n - a potion of heal wounds {unknown}
 o - a potion of attraction {unknown}
 p - a potion of haste {unknown}


   Skills:
 - Level 2.0 Fighting
 + Level 5.3 Ranged Weapons
 - Level 1.7 Dodging
 - Level 0.7 Stealth


You had 3 spell levels left.
You didn't know any spells.
Your spell library contained the following spells:

 Spells                   Type           Power      Damage    Failure   Level
 Cigotuvi's Dreadful Rot  Necr/Alch/Air  0%         N/A       65%         2
 Fugue of the Fallen      Necr           0%         N/A       86%         3
 Ozocubu's Armour         Ice            0%         N/A       86%         3
 Dispel Undead            Necr           0%         3d6       99%         4
 Martyr's Knell           Necr/Summ      0%         N/A       99%         4
 Manifold Assault         Tloc           0%         N/A       100%        7


Dungeon Overview and Level Annotations

Branches:
Dungeon (3/15)

Altars:
Ru

Shops:
D:1 (

Annotations:
D:2 Crazy Yiuf


Innate Abilities, Weirdness & Mutations

You cannot voluntarily change form.
You can wield a second weapon in your off-hand.
It takes a long time for you to wield or remove held weapons.
Your first few attacks do less damage.
You cannot equip rings or amulets.


Message History

You open the door. You shoot a sling bullet. The sling bullet hits Crazy Yiuf.
Crazy Yiuf shouts!
Crazy Yiuf is lightly wounded.
You shoot a sling bullet.
The sling bullet closely misses Crazy Yiuf.
Crazy Yiuf says, "Crazy?
Crazy!?
PORCUPINE!"
You shoot a sling bullet. The sling bullet hits Crazy Yiuf.
Crazy Yiuf is moderately wounded.
You shoot a sling bullet.
The sling bullet hits Crazy Yiuf but does no damage.
Crazy Yiuf is moderately wounded.
You shoot a sling bullet.
The sling bullet hits Crazy Yiuf but does no damage.
Crazy Yiuf is moderately wounded.
You shoot a sling bullet. The sling bullet hits Crazy Yiuf.
Crazy Yiuf is severely wounded.
Crazy Yiuf whimpers, "Flower!"
Crazy Yiuf closely misses you.
You shoot a sling bullet. The sling bullet hits Crazy Yiuf.
Crazy Yiuf is almost dead.
You shoot a sling bullet.
The sling bullet barely misses Crazy Yiuf.
Crazy Yiuf hits you with a +4 quarterstaff of chaos!
Your body becomes as fragile as glass!
You shoot a sling bullet. The sling bullet hits Crazy Yiuf.
Crazy Yiuf is almost dead.
You shoot a sling bullet. The sling bullet hits Crazy Yiuf.
Crazy Yiuf is almost dead.
Crazy Yiuf grits, "Goldfish!"
Crazy Yiuf hits you with a +4 quarterstaff of chaos.
Crazy Yiuf freezes you.
You shoot a sling bullet.
The sling bullet barely misses Crazy Yiuf.
You shoot a sling bullet.
The sling bullet barely misses Crazy Yiuf.
Crazy Yiuf hits you with a +4 quarterstaff of chaos!
Ouch! That really hurt!
You die...
Ru respects your ultimate sacrifice.

# #.#.#.####.############## #....
# #.#.#.#....†.........)..###.###
# #.#.#.#.##.######..............
# #.#.#.###### #######.###.### #
#.#.#.## #...#.# # #.#.#..#
###########.# # #.#.#### ###
###.#.P.### #.# # #.#....#
#...##..#..P...###.# ###.######
#...g@####P.....##.# .........#
#)..### ##..#.....# ###.####.#
### ########.### #.# #.#
#####.... ###.####.# #.......#
....##...######################.#
######.#.#................# #.#
######.#.#..#.#########.#.# #.#
.#..........#...........#.# #.#


You could see Crazy Yiuf.

Vanquished Creatures
  Jessica (D:2)
  2 adders
  A dart slug (D:2)
  9 ball pythons
  5 endoplasms
  A giant cockroach (D:2)
  5 goblins
  6 hobgoblins
  A jackal (D:3)
  3 kobolds (D:1)
  A quokka (D:2)
  5 bats
  3 frilled lizards
  2 rats
45 creatures vanquished.

Notes
Turn   | Place    | Note
-------+----------+-------------------------------------------
     0 | D:1      | GiantSquids the Coglin Hunter began the quest for the Orb.
     0 | D:1      | Reached XP level 1. HP: 16/16 MP: 1/1
   143 | D:1      | Reached skill level 4 in Ranged Weapons
   143 | D:1      | Reached XP level 2. HP: 22/22 MP: 2/2
   181 | D:1      | Found a faded altar of an unknown god.
   183 | D:1      | Found Pokeg's Weapon Shoppe.
   212 | D:1      | Prayed at the altar of an unknown god.
   212 | D:1      | Became a worshipper of Ru the Awakened
   222 | D:1      | Gained mutation: You cannot voluntarily change form. [Ru
                  | sacrifice]
   525 | D:2      | Reached XP level 3. HP: 27/27 MP: 3/3
   633 | D:2      | Noticed Jessica
   635 | D:2      | Killed Jessica
   636 | D:2      | Reached skill level 5 in Ranged Weapons
   636 | D:2      | Reached XP level 4. HP: 33/33 MP: 4/4
   986 | D:2      | You fall into a shaft and drop 1 floor!
  1536 | D:2      | Found a runed translucent door.
  1537 | D:2      | Noticed Crazy Yiuf
  1546 | D:2      | Mangled by Crazy Yiuf

Illustrated notes

Levels and vault maps discovered:
D:1:      lightli_arrival_quake, layout_rooms, serial_aquarium,
          aquarium_bridge_long_joined [aquarium_subvault_bridge,
          aquarium_subvault_bridge, aquarium_subvault_bridge,
          aquarium_subvault_bridge, aquarium_subvault_bridge,
          aquarium_subvault_bridge], aquarium_window_1, aquarium_window_2,
          aquarium_window_fake, aquarium_view_2c, aquarium_view_2d,
          aquarium_pool_corner, shapermc_ecumenical_altar_starsandcircs,
          serial_shops, nicolae_shop_just_a_little_nook
D:2:      layout_basic, minmay_tiny_reverse_x, uniq_crazy_yiuf_cottage,
          uniq_jessica
D:3:      layout_loops_ring, uniq_terence

Skill      XL: |  1  2  3 |
---------------+----------+-----
Ranged Weapons | 4 5 |  5.3
Fighting       | |  2.0
Dodging        | |  1.7
Stealth        | |  0.7

Action                     |  1- 3 |  4- 6 || total
---------------------------+-------+-------++-------
   Fire: Sling             |    94 |    72 ||   166
 Invoke: Sacrifice Forms   |     1 |       ||     1
 Armour: Leather armour    |     3 |    13 ||    16
  Dodge: Dodged            |     7 |     9 ||    16

Table legend: (Time is in decaauts)
 A = Elapsed time spent in this place.
 B = Non-inter-level travel time spent in this place.
 C = Inter-level travel time spent in this place.
 D = Time resting spent in this place.
 E = Time spent auto-exploring this place.
 F = Levels seen in this place.
 G = Mean time per level.
                   A        B        C        D        E       F      G
               +--------+--------+--------+--------+--------+-----+--------+
         Total |   1563 |   1541 |     22 |      0 |   1329 |   3 |  521.0 |
       Dungeon |   1563 |   1541 |     22 |      0 |   1329 |   3 |  521.0 |
               +--------+--------+--------+--------+--------+-----+--------+

Top non-repeatable levels by time:
     D:2: 929 daAuts
     D:1: 506 daAuts
     D:3: 127 daAuts
